 Dungeon Crawl Stone Soup version 0.28-a0-1524-ge72afd5fc6 (webtiles) character file.

Game seed: 14494328469014849268

52 issech the Vexing (level 3, 0/20 HPs)
             Began as a Deep Elf Arcane Marksman on Jan 17, 2022.
             Slain by a ball python (1 damage)
             ... on level 2 of the Dungeon.
             The game lasted 00:10:06 (2015 turns).

issech the Vexing (Deep Elf Arcane Marksman)        Turns: 2015, Time: 00:10:07

Health: 0/20       AC:  2    Str:  4 (7)  XL:     3   Next: 60%
Magic:  7/7        EV:  9    Int: 16 (17) God:
Gold:   77         SH:  0    Dex: 15 (17) Spells: 4/5 levels left

rFire   . . .      SeeInvis .   a - +0 shortbow
rCold   . . .      Faith    .   (shield currently unavailable)
rNeg    . . .      Spirit   .   d - +0 robe
rPois   .          Reflect  .   (no helmet)
rElec   .          Harm     .   (no cloak)
rCorr   .          Rampage  .   (no gloves)
Will    .....                   (no boots)
Stlth   +.........              (no amulet)
HPRegen 0.06/turn               (no ring)
MPRegen 0.10/turn               (no ring)

@: constricted
A: no striking features
a: no special abilities


You were on level 2 of the Dungeon.
You visited 1 branch of the dungeon, and saw 3 of its levels.

You collected 77 gold pieces.

Inventory:

Hand Weapons
 a - a +0 shortbow (weapon)
 b - a +0 dagger
 e - a +0 dagger
 j - a +0 dagger
 k - a +0 whip
 l - a +0 dagger
 n - a +0 whip
 o - a +0 mace
 p - a +0 whip
 r - a +0 whip
 s - a +0 spear
 v - a +0 short sword
 w - a +0 short sword
 x - a +0 club
 y - a +0 dagger
Missiles
 q - 4 atropa-tipped darts (quivered)
Armour
 d - a +0 robe (worn)
 g - a +0 robe
Magical Staves
 f - a staff of poison
Scrolls
 h - 2 scrolls of enchant weapon {unknown}
 i - 3 scrolls of identify {unknown}
 m - a scroll of teleportation {unknown}
 u - a scroll of blinking {unknown}


   Skills:
 + Level 1.0 Fighting
 + Level 4.3 Bows
 + Level 2.5 Dodging
 + Level 0.1 Stealth
 + Level 1.5 Spellcasting
 + Level 4.9 Hexes


You had 4 spell levels left.
You knew the following spells:

 Your Spells              Type           Power      Damage    Failure   Level
a - Slow                  Hex            68%        N/A       3%          1

Your spell library contained the following spells:

 Spells                   Type           Power      Damage    Failure   Level
 Inner Flame              Hex/Fire       9%         N/A       24%         3
 Portal Projectile        Hex/Tloc       18%        N/A       24%         3
 Cause Fear               Hex            8%         N/A       28%         4


Dungeon Overview and Level Annotations

Branches:
Dungeon (3/15)

Altars:


Message History

Aim: a ball python (58% to hit)
You shoot an arrow.
The arrow barely misses the ball python.
The ball python bites you.
* * * LOW HITPOINT WARNING * * *
The ball python grabs you. The ball python constricts you.
* * * LOW HITPOINT WARNING * * *
The ball python bites you but does no damage.
The ball python constricts you.
Fire: 2 arrows
Press: ? - help, Q - select action, (/) - cycle Shift-Dir - straight line, f/p - ball python
Aim: a ball python (constricting you, 58% to hit)
You shoot an arrow.
The arrow barely misses the ball python.
The ball python closely misses you. The ball python constricts you.
Fire: arrow
Press: ? - help, Q - select action, (/) - cycle Shift-Dir - straight line, f/p - ball python
Aim: a ball python (constricting you, 58% to hit)
You shoot an arrow.
The arrow hits the ball python but does no damage.
The ball python closely misses you. The ball python constricts you.
* * * LOW HITPOINT WARNING * * *
Unknown command.
It was a potion of degeneration.
There was something very wrong with that liquid.
You feel weakened.
You feel dopey.
You feel clumsy.
The ball python bites you but does no damage.
The ball python constricts you.
* * * LOW HITPOINT WARNING * * *
Unknown command.
Throw: 5 darts (atropa)
Press: ? - help, Q - select action, (/) - cycle Shift-Dir - straight line, f/p - ball python
Aim: a ball python (constricting you, 53% to hit, chance to blind on hit: 100%)
You throw an atropa-tipped dart.
The atropa-tipped dart hits the ball python.
The ball python appears confused.
The ball python barely misses you. The ball python constricts you.
* * * LOW HITPOINT WARNING * * *
The ball python bites you.
You die...

##......# #.........#
##......######.........#
##......#..............#
'.........#.#.######.###
##...##.....#...#....##
##...##...###.#.#.....#
#....##...###.#.#...#.##
.....##...#...#.#...#..#
................@....#.##
..#.............S.......#
..........#.#.##....#.#.#
#######...#.#.##.####.#.##
#...#.#.##.####.#..####
#....................<#
#ยง#........#####.#.####
#.#...#.##(#####...##
#...............#...#


You could see a ball python (confused, blind).

Vanquished Creatures
  An adder (D:2)
  A worm (D:2)
  A dart slug (D:3)
  6 ball pythons
  5 bats (D:1)
  An endoplasm (D:3)
  2 giant cockroaches (D:2)
  A goblin (D:1)
  3 hobgoblins (D:2)
  4 quokkas
  3 frilled lizards
  6 kobolds
  4 rats
38 creatures vanquished.

Notes
Turn   | Place    | Note
-------+----------+-------------------------------------------
     0 | D:1      | issech the Deep Elf Arcane Marksman began the quest for the
                  | Orb.
     0 | D:1      | Reached XP level 1. HP: 11/11 MP: 5/5
   467 | D:1      | Reached XP level 2. HP: 14/16 MP: 6/6
  1393 | D:2      | Reached XP level 3. HP: 20/20 MP: 7/7
  1400 | D:2      | You fall into a shaft and drop 1 floor!
  1651 | D:2      | Reached skill level 1 in Fighting
  2015 | D:2      | HP: 1/20 [constriction (1)]
  2015 | D:2      | Slain by a ball python

Illustrated notes

Levels and vault maps discovered:
D:1:      dpeg_arrival_three_smaller_balls, layout_basic
D:2:      layout_basic, corexii_corridor_pit, lemuel_another_geyser
D:3:      cheibrodos_greedy_goblins, layout_basic,
          nicolae_overflow_crystal_walls,
          hellmonk_ecumenical_altar_slurped_away, minmay_fractal_squares_5

Skill      XL: |  1  2  3 |
---------------+----------+-----
Bows           | 3 4 |  4.3
Fighting       | 1 |  1.0
Dodging        | |  2.5
Stealth        | |  0.1
Spellcasting   | |  1.5
Hexes          | |  4.9

Action                   || total
-------------------------++-------
Melee: Dagger            ||     1
 Fire: Shortbow          ||   110
Throw: Dart              ||     2
  Use: Potion            ||     1
 Stab: Invisible         ||     1
Armor: Robe              ||     9
Dodge: Dodged            ||    32

Table legend: (Time is in decaauts)
 A = Elapsed time spent in this place.
 B = Non-inter-level travel time spent in this place.
 C = Inter-level travel time spent in this place.
 D = Time resting spent in this place.
 E = Time spent auto-exploring this place.
 F = Levels seen in this place.
 G = Mean time per level.
                   A        B        C        D        E       F      G
               +--------+--------+--------+--------+--------+-----+--------+
         Total |   2032 |   2032 |      0 |    203 |    814 |   3 |  677.3 |
       Dungeon |   2032 |   2032 |      0 |    203 |    814 |   3 |  677.3 |
               +--------+--------+--------+--------+--------+-----+--------+

Top non-repeatable levels by time:
     D:1: 1217 daAuts
     D:2: 761 daAuts
     D:3: 53 daAuts
